Map: Bel'Shir Vestige LE (Void)

Players

Musumeci

  • Race: Zerg Zerg
  • League: Diamond
  • Spawn Location: 5:00

smokjail - Winner!

  • Race: Zerg Zerg
  • League: Diamond
  • Spawn Location: 11:00

VOD

Have the link to the VOD?

Description

Time

  • Played on: March 15, 2017, 5:29 a.m.
  • Length: 7:40
Show
View Real Time Build Order
Export as new Build Order

Musumeci Zerg 

Build Orders: Pool First 

Get SALT Encoding   

  12  0:01  Drone  
  13  0:08  Drone  
  14  0:16  Overlord  
  14  0:26  Extractor  
  14  0:27  Drone  
  15  0:35  Drone x2  
  17  0:43  Extractor  
  17  0:47  Drone  
  17  0:51  Spawning Pool  
  17  0:55  Drone  
  17  1:05  Drone  
  18  1:22  Hatchery  
  17  1:27  Drone  
  18  1:38  Queen  
  20  1:40  Zergling x2  
  20  1:45  Drone  
  22  1:51  Metabolic Boost  
  22  2:03  Overlord  
  22  2:20  Queen  
  24  2:28  Zergling x2  
  25  2:36  Zergling x6  
  28  2:37  Baneling Nest  
  27  2:44  Spine Crawler  
  27  2:47  Zergling x6  
  27  3:18  Zergling x2  
  27  3:19  Zergling x10  
  21  4:08  Zergling x2  
  21  4:09  Zergling x4  
  24  4:12  Zergling x2  
  23  4:43  Zergling x2  
  23  4:44  Zergling x4  
  23  4:51  Baneling  
  20  4:53  Queen  
  22  5:03  Evolution Chamber  
  22  5:04  Evolution Chamber  
  20  5:10  Baneling x2  
  18  5:16  Zergling x6  
  23  5:30  Hatchery  
  23  5:31  Queen  
  23  5:33  Drone  
  25  5:42  Overlord  
  25  6:01  Baneling x2  
  25  6:03  Drone x4  
  26  6:43  Roach Warren  
  26  6:44  Drone  
  26  6:45  Drone x6  
  32  6:57  Spine Crawler  
  31  7:01  Spine Crawler  
  31  7:03  Queen  
  31  7:07  Zergling x8  
Show
View Real Time Build Order
Export as new Build Order

smokjail Zerg - Winner!

Build Orders: Pool First, Zergling Baneling 

Get SALT Encoding   

  12  0:03  Drone  
  13  0:08  Drone  
  14  0:19  Drone, Extractor  
  14  0:33  Spawning Pool  
  13  0:41  Overlord  
  13  0:47  Drone  
  14  0:59  Drone x2  
  14  1:03  Drone  
  17  1:13  Overlord  
  17  1:27  Metabolic Boost  
  17  1:28  Queen  
  19  1:33  Zergling x2  
  19  1:36  Zergling x2  
  21  1:45  Zergling x2  
  22  1:57  Zergling x2  
  23  2:14  Baneling Nest  
  22  2:16  Zergling x2  
  22  2:18  Zergling x2  
  24  2:26  Hatchery  
  23  2:30  Zergling x2  
  24  2:39  Zergling x2  
  24  2:40  Zergling x2  
  24  2:41  Zergling x4  
  28  2:52  Drone  
  29  3:03  Baneling x2  
  29  3:04  Baneling  
  29  3:05  Zergling x2  
  29  3:12  Overlord  
  29  3:13  Overlord x2  
  29  3:32  Baneling x2  
  29  3:33  Baneling, Zergling x2  
  29  3:34  Zergling x2  
  30  3:40  Zergling x4  
  27  3:50  Zergling x4  
  28  4:02  Drone x2  
  30  4:03  Queen  
  32  4:14  Roach Warren  
  31  4:22  Zergling x6  
  32  4:29  Zergling x2  
  30  4:31  Baneling  
  30  4:36  Drone  
  30  4:47  Zergling x6  
  30  4:48  Zergling x2  
  30  4:51  Baneling x3  
  33  4:55  Drone  
  33  4:58  Extractor  
  33  5:03  Drone x2  
  29  5:16  Drone x4  
  29  5:21  Drone, Extractor  
  33  5:30  Drone  
  33  5:31  Drone x2  
  36  5:36  Drone x2  
  38  5:54  Roach  
  38  5:55  Roach x3  
  38  5:56  Drone  
  47  5:57  Drone  
  47  6:00  Drone  
  49  6:04  Roach  
  49  6:09  Roach  
  49  6:10  Roach  
  55  6:15  Roach  
  55  6:17  Roach  
  58  6:29  Zergling x8  
  58  6:32  Zergling x2  
  59  6:33  Overlord  
  59  6:39  Overlord  
  59  6:45  Spine Crawler  
  58  6:50  Baneling  
  58  6:55  Overlord x3  
  58  7:02  Ravager x5  
  63  7:11  Ravager  
  63  7:12  Baneling  
  63  7:13  Baneling, Zergling x2  
  63  7:14  Zergling x8  
Tags
 
Add a new tag
Caveats
  • Supply blocks, unpowered buildings, or Contaminate may cause inaccurate times.
  • Supply counts are checked every 10 seconds.